 Dungeon Crawl Stone Soup version 0.20.1-1-g8b1a95d (webtiles) character file.

442414 equalderp2856 the Executioner (level 23, -16/227 HPs)
             Began as a Minotaur Fighter on Sept 14, 2017.
             Hit by a large rock thrown by a stone giant (43 damage)
             ... on level 5 of the Depths.
             The game lasted 03:34:56 (71565 turns).

equalderp2856 the Executioner (Minotaur Fighter)   Turns: 71565, Time: 03:34:57

Health: -16/227    AC: 29    Str: 23    XL:     23   Next: 4%
Magic:  24/24      EV: 14    Int: 10    God:
Gold:   3634       SH: 17    Dex: 13    Spells: 17/22 levels left

rFire    + . .     SeeInvis +   e - +3 broad axe
rCold    . . .     Gourm    .   c - +0 shield
rNeg     . . .     Faith    .   T - +3 chain mail {rF+}
rPois    .         Spirit   .   k - +2 hat {MR+}
rElec    .         Reflect  .   O - +0 cloak
rCorr    .         Harm     .   R - +2 pair of gloves
MR       +++..                  L - +2 pair of boots
Stlth    ..........             u - amulet of regeneration
Regen    0.9/turn               Z - ring of the Many Queens {MR+ Slay+2 Stlth-}
MPRegen  0.2/turn               H - ring of see invisible

@: about to teleport
A: retaliatory headbutt, horns 2
}: 2/15 runes: decaying, serpentine
a: no special abilities


You were on level 5 of the Depths.
You were not hungry.

You visited 7 branches of the dungeon, and saw 40 of its levels.
You also visited: Ice Cave.

You collected 3634 gold pieces.

Inventory:

Hand Weapons
 e - a +3 broad axe (weapon)
 s - a +0 broad axe of freezing
 v - a +0 vampiric war axe
 K - a +1 war axe of chopping
 N - a +4 war axe
 Y - the +1 spear "Dywkerpho" {speed, rF+ Dex+2}
   (You found it on level 12 of the Dungeon)

   Attacks with this weapon are significantly faster.
   It affects your dexterity (+2).
   It protects you from fire.
Armour
 c - a +0 shield (worn)
 k - a +2 hat of magic resistance (worn)
 L - a +2 pair of boots (worn)
 O - a +0 cloak (worn)
 R - a +2 pair of gloves (worn)
 T - a +3 chain mail of fire resistance (worn)
 V - the +5 scale mail of Pandemonium {rElec rF- Regen+ Int+8}
   (You found it in an ice cave)

   It affects your intelligence (+8).
   It makes you vulnerable to fire.
   It insulates you from electricity.
   It increases your rate of regeneration.
Jewellery
 b - a +3 ring of protection
 t - an uncursed ring of protection from fire
 u - an amulet of regeneration (around neck)
 y - an uncursed ring of resist corrosion
 z - an uncursed ring of resist corrosion
 H - a ring of see invisible (right hand)
 I - a +3 ring of dexterity
 Z - the ring of the Many Queens (left hand) {MR+ Slay+2 Stlth-}
   (You found it on level 12 of the Dungeon)

   [ring of loudness]

   It affects your accuracy and damage with ranged weapons and melee attacks
   (+2).
   It affects your resistance to hostile enchantments.
   It makes you less stealthy.
Wands
 D - a wand of polymorph (8/24)
 F - a wand of paralysis (12/24)
 J - a wand of iceblast (0/15)
 P - a wand of paralysis (8/24)
 Q - a wand of digging (15/24)
 S - a wand of enslavement (12/24)
 W - a wand of confusion (27/48)
Scrolls
 g - 8 scrolls of teleportation
 h - 18 scrolls of remove curse
 l - 14 scrolls of identify
 p - a scroll of silence
 q - 4 scrolls of fear
 w - 5 scrolls of fog
 x - 3 scrolls of enchant armour
 C - 6 scrolls of magic mapping
 E - 4 scrolls of enchant weapon
 X - 2 scrolls of blinking
Potions
 d - a potion of might
 i - a potion of heal wounds
 n - 5 potions of agility
 o - 4 potions of curing
 A - a potion of mutation
 G - a potion of cancellation
 U - 4 potions of invisibility
Books
 m - the Catalogue of the Vitriolic Oath
   (You found it on level 2 of the Vaults)

   Spells                             Type                      Level
   a - Ensorcelled Hibernation        Hexes/Ice                    2
   b - Dazzling Spray                 Conjuration/Hexes            3
   c - Ignite Poison                  Fire/Transmutation/Poison    3
   d - Tukima's Dance                 Hexes                        3
   e - Inner Flame                    Hexes/Fire                   3
   f - Portal Projectile              Hexes/Translocation          3
 r - a book of Ice

   Spells                             Type                      Level
   a - Ice Form                       Ice/Transmutation            4
   b - Metabolic Englaciation         Hexes/Ice                    5
   c - Ozocubu's Refrigeration        Ice                          6
   d - Bolt of Cold                   Conjuration/Ice              6
   e - Freezing Cloud                 Conjuration/Ice/Air          6
   f - Simulacrum                     Ice/Necromancy               6
Miscellaneous
 a - a lamp of fire
 B - a lightning rod (2/4)
 M - a phial of floods
Comestibles
 f - 13 bread rations
 j - 16 meat rations


   Skills:
 + Level 23.3 Fighting
 + Level 24.0(24.3) Axes
 + Level 7.0(17.6) Polearms
 + Level 18.7 Armour
 + Level 11.0 Dodging
 + Level 3.5 Stealth
 + Level 23.6 Shields
 + Level 3.5 Evocations


You had 17 spell levels left.
You knew the following spells:

 Your Spells              Type           Power        Failure   Level  Hunger
a - Regeneration          Chrm/Necr      #.........   99%         3    ####...
b - Blink                 Tloc           N/A          91%         2    ###....


Dungeon Overview and Level Annotations

Branches:
Dungeon (15/15)            Temple (0/1) D:7            Lair (6/6) D:11
  Swamp (4/4) Lair:4        Snake (4/4) Lair:4        Slime (0/5) Lair:6
    Orc (2/2) D:10            Elf (0/3) Orc:2        Vaults (4/5) D:13
  Crypt (0/3) Vaults:3     Depths (5/5) D:15
    Zot: Depths:5

Altars:
Ashenzari
Cheibriados
Elyvilon
Fedhas
Gozag
Hepliaklqana
Kikubaaqudgha
Makhleb
Nemelex Xobeh
Sif Muna
Trog
Uskayaw
Vehumet
Beogh

Shops:
D:6 *   Orc:1 *   Orc:2 =[%}   Snake:2 :   Snake:4 =   Vaults:1 }   Vaults:2 (

Portals:
Hell: Depths:1 Depths:2 Depths:3 Depths:4 Depths:5
Abyss: Depths:3 Depths:4
Pandemonium: Depths:2 Depths:3
Ziggurat: Depths:1

Annotations:
Depths:5 Jorgrun


Innate Abilities, Weirdness & Mutations

You reflexively headbutt those who attack you in melee.
You have a pair of horns on your head.


Message History

A spark wasp comes into view.
Unknown command.
Okay, then.
The deep troll shaman calls upon its god to speed up the deep troll earth mage.
The deep troll earth mage seems to speed up.
Some rock shatters into small pieces.
The deep troll shaman calls upon its god to strengthen the deep troll.
The deep troll seems to grow stronger.
The tengu reaver misses you. You block the tengu reaver's attack.
The tengu reaver claws you but does no damage.
Your surroundings suddenly seem different.
A stone giant comes into view.
The stone giant shouts!
Found a robe.
Jorgrun Earthshaker comes into view.
He is wielding a staff of earth.
Unknown command.
As you read the scroll of teleportation, it crumbles to dust.
You feel strangely unstable.
The stone giant throws a large rock.
The large rock hits you!!!
You die...

## .. #########
#######≈≈≈≈≈≈≈≈
≈≈≈≈≈≈≈≈.......
.C..[..@g......
...............
######.........
#.........
#.........
#.........
#.........
#.........


You could see Jorgrun and a stone giant.

Vanquished Creatures
  Sojobo (Depths:4)
  Boris (Depths:5)
  Xtahua (Depths:4)
  Frederick (Depths:4)
  Nikola (Swamp:1)
  the Enchantress (Depths:3)
  A tentacled monstrosity (Swamp:4)
  5 deep elf blademasters
  A quicksilver dragon (Depths:2)
  A sphinx (Vaults:4)
  Gastronok (Lair:2)
  2 thorn hunters
  Kirke (Snake:4)
  6 nagarajas
  2 tengu reavers
  4 frost giants
  2 fire giants
  Aizul (Swamp:2)
  11 vault wardens
  A deep elf sorcerer (Vaults:2)
  Louise (D:15)
  An orc warlord (Orc:2)
  12 ironheart preservers
  6 caustic shrike skeletons (Depths:3)
  14 very ugly things
  5 entropy weavers
  5 spriggan defenders
  17 stone giants
  Nessos (D:13)
  A deep elf demonologist (Vaults:2)
  2 deep elf annihilators
  A dire elephant (D:15)
  Snorg (Lair:5)
  15 ettins
  A small abomination (Vaults:2)
  2 green deaths (Swamp:4)
  2 blizzard demons (IceCv)
  11 yaktaur captains
  2 deep elf death magi
  7 great orbs of eyes
  Josephine (D:12)
  A deep elf high priest (Depths:3)
  7 fire dragons
  Erolcha (D:13)
  A quicksilver dragon zombie (Depths:3)
  Harold (Lair:2)
  The ghost of Chisa the Transmogrifier, a journeyman DrTm of Ru (IceCv)
  18 hydras
  7 rakshasas
  19 naga warriors
  3 vault guards
  2 ice dragons
  49 two-headed ogres
  6 spriggan air magi
  2 death knights
  An alligator (shapeshifter) (Vaults:4)
  7 anacondas
  A ghost crab (Swamp:4)
  11 ogre magi
  6 deep troll shamans
  A queen ant (D:11)
  6 alligators
  6 deep troll earth magi
  11 centaur warriors
  13 death yaks
  5 orc high priests
  A thrashing horror (Swamp:4)
  7 tengu warriors
  A titan zombie (Vaults:4)
  A shock serpent (Snake:4)
  19 naga sharpshooters
  2 hell hogs (Depths:4)
  7 deep elf knights
  10 spriggan berserkers
  3 hell knights (Depths:5)
  Sonja (D:11)
  14 skeletal warriors
  69 spriggans
  An unseen horror (Vaults:1)
  4 sea snakes (Snake:4)
  3 salamander mystics
  2 golden dragon zombies (Depths:3)
  18 deep trolls
  4 iron trolls
  2 shadow wraiths
  11 spriggan druids
  A storm dragon skeleton (Vaults:3)
  5 shambling mangroves
  A quicksilver dragon simulacrum (Depths:3)
  10 swamp dragons
  5 glowing orange brains
  3 deep elf archers
  9 ironbrand convokers
  A lindwurm (Snake:3)
  6 naga ritualists
  Pikel (D:6)
  4 wizards
  19 orc knights
  2 wolf spider zombies
  4 wolf spiders
  The ghost of Gremour the Sneak, a novice DrMo of Dithmenos (D:5)
  8 necromancers
  A cyclops (shapeshifter) (Depths:3)
  8 mana vipers
  22 ugly things
  5 orc sorcerers
  12 deep elf magi
  A frost giant zombie (Depths:3)
  A shadow dragon skeleton (Vaults:3)
  A fire giant zombie (Depths:3)
  7 salamanders
  25 cyclopes
  25 black mambas
  A fire giant skeleton (Vaults:4)
  8 elephants
  5 manticores
  3 stone giant skeletons (Vaults:3)
  A large abomination (Swamp:4)
  Joseph (D:8)
  2 black mambas (shapeshifter)
  A guardian serpent (shapeshifter) (Vaults:4)
  13 vault sentinels
  4 ice statues (IceCv)
  20 naga magi
  A gargoyle (D:10)
  A frost giant skeleton (Vaults:3)
  A storm dragon simulacrum (Depths:3)
  2 guardian serpents
  4 orange demons (Swamp:4)
  24 spiny frogs
  4 anaconda simulacra (IceCv)
  An efreet (D:15)
  6 freezing wraiths
  49 yaktaurs
  3 rime drakes
  11 komodo dragons
  2 demonic crawlers (D:15)
  10 ice devils (IceCv)
  9 human skeletons (Vaults:3)
  A merfolk (Snake:3)
  A golden dragon simulacrum (IceCv)
  A tengu conjurer (Depths:3)
  A meliai (shapeshifter) (Vaults:4)
  A queen bee (shapeshifter) (Depths:2)
  Grinder (D:5)
  2 jumping spiders
  11 tyrant leeches
  A polar bear (Lair:5)
  2 polar bears (shapeshifter)
  12 trolls
  38 hornets
  33 slime creatures
  8 hippogriffs
  A wind drake (shapeshifter) (Vaults:3)
  A snapping turtle (Snake:1)
  25 blink frogs
  13 bog bodies
  3 dream sheep
  A hippogriff (shapeshifter) (Vaults:2)
  6 redbacks
  A spriggan (shapeshifter) (Depths:4)
  Sigmund (D:6)
  4 shadows
  The ghost of vatarom the Sneak, an amateur VSAs (D:4)
  2 dire elephant simulacra (IceCv)
  3 water elementals
  9 air elementals (Depths:4)
  3 wyverns
  7 wraiths
  69 yaks
  A tarantella (Vaults:2)
  A hog (shapeshifter) (D:14)
  4 hungry ghosts
  A golden eye (shapeshifter) (Vaults:2)
  5 hogs (Snake:4)
  Grum (Lair:1)
  2 basilisks (Lair:4)
  37 vampire mosquitoes
  12 wargs
  5 acid dragons
  A harpy simulacrum (IceCv)
  63 nagas
  Menkaure (D:4)
  9 insubstantial wisps
  3 deep troll zombies
  An iron troll simulacrum (IceCv)
  10 hell hounds
  6 soldier ants
  15 swamp worms
  18 water moccasins
  A floating eye (shapeshifter) (Depths:4)
  8 porcupines
  2 swamp drakes
  4 ice beasts
  A hornet zombie (D:9)
  64 orc warriors
  5 black bears
  4 necrophages
  5 phantoms
  5 sky beasts
  An eye of draining (shapeshifter) (Vaults:4)
  12 centaurs
  An ettin simulacrum (IceCv)
  A human zombie (Vaults:3)
  9 boggarts
  The ghost of kae the Insei, an amateur DsGl (D:3)
  3 elf skeletons
  A tengu (shapeshifter) (Vaults:2)
  43 ogres
  14 crocodiles
  9 wolves
  4 big kobolds
  26 bullfrogs
  A water moccasin skeleton (D:9)
  A wyvern skeleton (D:13)
  A troll zombie (D:10)
  6 killer bees (D:11)
  2 scorpions
  13 wights
  7 electric eels (Lair:6)
  6 howler monkeys
  4 crimson imps
  2 centaur zombies
  34 orc priests
  3 bullfrog zombies
  2 quasits
  8 hounds
  A human simulacrum (Vaults:4)
  2 bullfrog skeletons
  24 orc wizards
  Crazy Yiuf (D:5)
  8 jellies
  2 centaur skeletons
  7 iguanas
  Ijyb (D:5)
  11 hell rats
  40 worker ants
  7 ogre zombies (D:10)
  5 mummies (D:9)
  A worker ant zombie (D:9)
  3 gnolls (D:7)
  14 adders
  7 shadow imps
  A white imp (D:6)
  An ooze (D:3)
  2 adder skeletons (D:7)
  5 worms
  2 dart slugs (D:2)
  6 leopard geckos
  159 orcs
  4 giant cockroaches
  4 goblins
  7 hobgoblins
  16 jackals
  10 kobolds
  7 quokkas
  6 bats
  A frilled lizard (D:2)
  A goblin skeleton (D:10)
  2 goblin zombies (D:10)
  A hobgoblin skeleton (D:10)
  2 hobgoblin zombies (D:10)
  A jackal skeleton (D:5)
  A jackal zombie (D:5)
  A leopard gecko skeleton (D:5)
  4 orc skeletons (D:10)
  15 orc zombies (D:10)
  A quokka skeleton (D:7)
  8 rats
  6 bushes
  3 crawling corpses (Vaults:2)
  7 fungi
  11 pillars of salt (Vaults:3)
  11 plants
2107 creatures vanquished.

Vanquished Creatures (collateral kills)
  A golden dragon (Depths:4)
1 creature vanquished.

Vanquished Creatures (others)
  A shadow dragon (Vaults:4)
  A centaur warrior (Depths:3)
  A spriggan air mage (Depths:3)
  A tengu warrior (Depths:3)
  A deep elf mage (Vaults:2)
  A hornet (Depths:3)
  4 spriggans (Depths:3)
  A hungry ghost (D:7)
  2 slaves (D:6)
  An ogre (Vaults:2)
  2 orc wizards (D:6)
  A worker ant zombie (D:7)
  2 orcs (D:6)
  16 bushes
  11 fungi
  72 plants
118 creatures vanquished.

Grand Total: 2226 creatures vanquished

Notes
Turn   | Place    | Note
-------+----------+-------------------------------------------
     0 | D:1      | equalderp2856 the Minotaur Fighter began the quest for the Orb.
     0 | D:1      | Reached XP level 1. HP: 19/19 MP: 0/0
   263 | D:1      | Reached XP level 2. HP: 26/27 MP: 1/1
   678 | D:2      | Found a shattered altar of Ashenzari.
   683 | D:2      | Reached XP level 3. HP: 20/33 MP: 2/2
   777 | D:2      | Reached skill level 3 in Axes
   837 | D:2      | Reached skill level 1 in Dodging
   847 | D:2      | Reached XP level 4. HP: 33/41 MP: 3/3
  1268 | D:3      | Noticed kae's ghost (amateur DsGl)
  1277 | D:3      | Killed kae's ghost
  1277 | D:3      | Reached skill level 4 in Axes
  1277 | D:3      | Reached XP level 5. HP: 38/47 MP: 4/4
  1373 | D:3      | Found a hide-covered altar of Uskayaw.
  2009 | D:3      | Found a blossoming altar of Fedhas.
  2166 | D:4      | Found an opulent altar of Gozag.
  2166 | D:4      | Found a sparkling altar of Nemelex Xobeh.
  2223 | D:4      | Noticed vatarom's ghost (amateur VSAs)
  2237 | D:4      | Killed vatarom's ghost
  2237 | D:4      | Reached skill level 5 in Fighting
  2237 | D:4      | Reached skill level 5 in Axes
  2237 | D:4      | Reached skill level 5 in Armour
  2237 | D:4      | Reached skill level 5 in Shields
  2237 | D:4      | Reached XP level 6. HP: 22/56 MP: 5/5
  2582 | D:4      | Noticed Menkaure
  2589 | D:4      | Killed Menkaure
  2598 | D:4      | Reached XP level 7. HP: 35/61 MP: 6/6
  3146 | D:4      | Found a snail-covered altar of Cheibriados.
  3332 | D:5      | Entered Level 5 of the Dungeon
  3341 | D:5      | Reached skill level 6 in Axes
  3599 | D:5      | Noticed Grinder
  3607 | D:5      | Killed Grinder
  3607 | D:5      | Reached skill level 7 in Axes
  3607 | D:5      | Reached XP level 8. HP: 33/69 MP: 7/7
  3889 | D:5      | Found a burning altar of Makhleb.
  3967 | D:5      | Found a deep blue altar of Sif Muna.
  4101 | D:5      | Noticed Gremour's ghost (novice DrMo)
  4130 | D:5      | Killed Gremour's ghost
  4130 | D:5      | Reached skill level 8 in Axes
  4281 | D:5      | Noticed Ijyb
  4287 | D:5      | Paralysed by Ijyb for 3 turns
  4296 | D:5      | Killed Ijyb
  4321 | D:5      | Reached XP level 9. HP: 63/75 MP: 8/8
  4350 | D:5      | Found a runed door.
  4677 | D:5      | Noticed Crazy Yiuf
  4683 | D:5      | Killed Crazy Yiuf
  4845 | D:6      | Reached skill level 9 in Axes
  4857 | D:6      | Found a bloodstained altar of Trog.
  4907 | D:6      | Noticed Pikel
  4974 | D:6      | Killed Pikel
  5268 | D:6      | Found Kotial's General Store.
  5416 | D:6      | Noticed Sigmund
  5430 | D:6      | Killed Sigmund
  5430 | D:6      | Reached skill level 10 in Axes
  6207 | D:7      | Found a staircase to the Ecumenical Temple.
  6935 | D:8      | Noticed Joseph
  6951 | D:8      | Killed Joseph
  6951 | D:8      | Reached skill level 11 in Axes
  6951 | D:8      | Reached XP level 10. HP: 58/88 MP: 9/9
  7172 | D:8      | Found a hazy altar of Hepliaklqana.
  7401 | D:8      | Found a blossoming altar of Fedhas.
  8061 | D:8      | Found a radiant altar of Vehumet.
  9750 | D:10     | Entered Level 10 of the Dungeon
  9999 | D:10     | Found a staircase to the Orcish Mines.
 10001 | D:10     | Noticed a gargoyle
 10018 | D:10     | Killed a gargoyle
 10018 | D:10     | Reached skill level 12 in Axes
 10727 | D:10     | Found an ancient bone altar of Kikubaaqudgha.
 10728 | D:10     | Noticed a deep elf mage
 10729 | D:10     | Noticed a deep elf mage
 10739 | D:10     | Killed a deep elf mage
 10739 | D:10     | Reached skill level 1 in Stealth
 10750 | D:10     | Killed a deep elf mage
 10750 | D:10     | Reached XP level 11. HP: 24/96 MP: 10/10
 11147 | D:10     | Reached skill level 1 in Evocations
 11155 | D:10     | Noticed a three-headed hydra
 11473 | D:10     | Reached skill level 13 in Axes
 11549 | D:10     | Noticed a two-headed ogre
 11555 | D:10     | Killed a two-headed ogre
 11555 | D:10     | Reached skill level 10 in Armour
 11924 | D:10     | Reached skill level 1 in Polearms
 12083 | D:10     | Killed a four-headed hydra
 12542 | D:11     | Reached skill level 10 in Fighting
 12763 | D:11     | Noticed Sonja
 13556 | D:11     | Killed Sonja
 13556 | D:11     | Reached skill level 10 in Shields
 13570 | D:11     | Noticed a two-headed ogre
 13579 | D:11     | Killed a two-headed ogre
 13689 | D:12     | Noticed a brown ugly thing
 13706 | D:12     | Killed a brown ugly thing
 13723 | D:12     | Noticed Josephine
 13736 | D:12     | Killed Josephine
 13884 | D:12     | Noticed a death knight
 13898 | D:11     | Reached XP level 12. HP: 87/107 MP: 11/11
 14058 | D:11     | Found a staircase to the Lair.
 14193 | Lair:1   | Entered Level 1 of the Lair of Beasts
 14230 | Lair:1   | Reached skill level 14 in Axes
 14487 | Lair:1   | Noticed Grum
 14502 | Lair:1   | Killed Grum
 15477 | Lair:2   | Noticed Harold
 15490 | Lair:2   | Killed Harold
 15983 | Lair:2   | Noticed Gastronok
 16003 | Lair:2   | Killed Gastronok
 16003 | Lair:2   | Reached skill level 15 in Axes
 16155 | Lair:3   | Noticed a death yak
 16156 | Lair:3   | Noticed a death yak
 16156 | Lair:3   | Noticed a death yak
 16180 | Lair:3   | Killed a death yak
 16186 | Lair:3   | Killed a death yak
 16201 | Lair:3   | Killed a death yak
 16726 | Lair:3   | Noticed a seven-headed hydra
 16734 | Lair:3   | Killed a seven-headed hydra
 16734 | Lair:3   | Reached XP level 13. HP: 92/116 MP: 13/13
 17467 | Lair:4   | Found a staircase to the Snake Pit.
 18072 | Lair:4   | Found a staircase to the Swamp.
 18517 | Lair:5   | Noticed Snorg
 18578 | Lair:5   | Killed Snorg
 18928 | Lair:5   | Reached skill level 16 in Axes
 18984 | Lair:6   | Entered Level 6 of the Lair of Beasts
 20075 | Lair:6   | Found a staircase to the Slime Pits.
 20326 | Lair:6   | Reached XP level 14. HP: 127/127 MP: 14/14
 21359 | Lair:6   | Reached skill level 17 in Axes
 22779 | Lair:1   | Identified a scroll of acquirement
 22852 | Lair:1   | Learned a level 3 spell: Regeneration
 22932 | Orc:1    | Entered Level 1 of the Orcish Mines
 23487 | Orc:2    | Entered Level 2 of the Orcish Mines
 24308 | Orc:2    | Found a roughly hewn altar of Beogh.
 24325 | Orc:2    | Found Xiroc's Gadget Emporium.
 24429 | Orc:2    | Found Yfajeot's Food Shoppe.
 24780 | Orc:2    | Found a staircase to the Elven Halls.
 24866 | Orc:2    | Reached skill level 15 in Shields
 24867 | Orc:2    | Reached XP level 15. HP: 105/139 MP: 15/15
 25147 | Orc:2    | Noticed an orc warlord
 25187 | Orc:2    | Killed an orc warlord
 25311 | Orc:2    | Found Nevesing's Armour Shoppe.
 25358 | Orc:2    | Found a roughly hewn altar of Beogh.
 25376 | Orc:2    | Found Qapp's Jewellery Emporium.
 27002 | Orc:1    | Found Hhubohe's Humungous Hoard.
 27400 | Orc:1    | Learned a level 2 spell: Blink
 28547 | D:12     | Reached skill level 15 in Fighting
 29424 | D:12     | Got a fine marble ring
 29871 | D:12     | Got a steaming spear
 29874 | D:12     | Identified the cursed +1 spear "Dywkerpho" {speed, rF+ Dex+2} (You found it on level 12 of the Dungeon)
 29979 | D:12     | Reached skill level 18 in Axes
 30352 | D:13     | Noticed Erolcha
 30366 | D:13     | Killed Erolcha
 30366 | D:13     | Reached skill level 5 in Polearms
 30951 | D:13     | Noticed Nessos
 30971 | D:13     | Killed Nessos
 30971 | D:13     | Reached skill level 5 in Dodging
 31296 | D:13     | Reached skill level 15 in Armour
 31400 | D:13     | Found a gate to the Vaults.
 31409 | D:13     | Reached XP level 16. HP: 92/149 MP: 16/16
 32329 | D:15     | Entered Level 15 of the Dungeon
 32417 | D:15     | Noticed Louise
 32439 | D:15     | Killed Louise
 33301 | D:15     | Paralysed by fainting for 8 turns
 33617 | D:15     | Found a staircase to the Depths.
 34022 | Swamp:1  | Entered Level 1 of the Swamp
 34543 | Swamp:1  | Found a white marble altar of Elyvilon.
 34587 | Swamp:1  | Noticed Nikola
 34602 | Swamp:1  | Killed Nikola
 35369 | Swamp:2  | Identified the ring of the Many Queens {MR+ Slay+2 Stlth-} (You found it on level 12 of the Dungeon)
 35755 | Swamp:2  | Reached skill level 19 in Axes
 35923 | Swamp:2  | Noticed Aizul
 35940 | Swamp:2  | Killed Aizul
 36481 | Swamp:3  | Noticed a thorn hunter
 36484 | Swamp:3  | Reached XP level 17. HP: 124/160 MP: 17/17
 37623 | Swamp:4  | Entered Level 4 of the Swamp
 39582 | Swamp:4  | Noticed a tentacled monstrosity
 39605 | Swamp:4  | Killed a tentacled monstrosity
 39978 | Swamp:4  | Got a decaying rune of Zot
 40768 | Snake:1  | Entered Level 1 of the Snake Pit
 41671 | Snake:2  | Found Xatrulla's Book Shop.
 43800 | Snake:3  | Reached XP level 18. HP: 118/171 MP: 18/18
 43954 | Snake:3  | Reached skill level 20 in Axes
 44433 | Snake:4  | Entered Level 4 of the Snake Pit
 44550 | Snake:4  | Found a frozen archway.
 44561 | IceCv    | Entered an ice cave
 44825 | IceCv    | Noticed Chisa's ghost (journeyman DrTm)
 44839 | IceCv    | Killed Chisa's ghost
 45696 | IceCv    | Got a spiked ring mail
 45711 | IceCv    | Identified the +4 ring mail of Dimiwaluha {rC- Int+5} (You found it in an ice cave)
 45728 | IceCv    | Got a translucent scale mail
 45735 | IceCv    | Identified the +5 scale mail of Pandemonium {rElec rF- Regen+ Int+8} (You found it in an ice cave)
 46722 | Snake:4  | Found Cuabb's Jewellery Emporium.
 46832 | Snake:4  | Noticed Kirke
 46909 | Snake:4  | Killed Kirke
 50572 | Snake:4  | Got a serpentine rune of Zot
 50598 | Snake:4  | Reached XP level 19. HP: 182/182 MP: 20/20
 51259 | Vaults:1 | Entered Level 1 of the Vaults
 51982 | D:13     | Reached skill level 21 in Axes
 53349 | Vaults:1 | Found Pulorch's Gadget Shop.
 54571 | Vaults:2 | Found Suob's Antique Weapon Boutique.
 54921 | Vaults:2 | Reached XP level 20. HP: 154/193 MP: 21/21
 55184 | Vaults:2 | Identified the Catalogue of the Vitriolic Oath
 56468 | Vaults:3 | Found a ruined gateway.
 57321 | Vaults:3 | Found a staircase to the Crypt.
 58033 | Vaults:4 | Reached skill level 22 in Axes
 59573 | Vaults:4 | Reached XP level 21. HP: 204/205 MP: 22/22
 60398 | Depths:1 | Entered Level 1 of the Depths
 60925 | Depths:1 | Found a gateway to Hell.
 60925 | Depths:1 | Found a gateway to a ziggurat.
 61189 | Depths:1 | Reached skill level 10 in Dodging
 62161 | Depths:2 | Found a one-way gate leading to the halls of Pandemonium.
 64194 | Depths:3 | Reached skill level 23 in Axes
 64309 | Depths:3 | Noticed the Enchantress
 64896 | Depths:3 | Found a one-way gate to the infinite horrors of the Abyss.
 65364 | Depths:3 | Killed the Enchantress
 65925 | Depths:3 | Found a bloodstained altar of Trog.
 66421 | Depths:3 | Reached XP level 22. HP: 126/215 MP: 23/23
 67535 | Depths:4 | Noticed Xtahua
 69359 | Depths:4 | Noticed Frederick
 70178 | Depths:4 | Killed Xtahua
 70398 | Depths:5 | Entered Level 5 of the Depths
 70714 | Depths:5 | Noticed a golden dragon
 70764 | Depths:5 | Noticed Boris
 71020 | Depths:5 | Killed Boris
 71020 | Depths:5 | Reached skill level 24 in Axes
 71111 | Depths:5 | Noticed Sojobo
 71165 | Depths:4 | Noticed a golden dragon
 71184 | Depths:4 | Killed a golden dragon
 71290 | Depths:4 | Killed Frederick
 71473 | Depths:4 | Killed Sojobo
 71498 | Depths:5 | Reached XP level 23. HP: 212/227 MP: 24/24
 71565 | Depths:5 | Noticed Jorgrun
 71565 | Depths:5 | Hit by a large rock thrown by a stone giant

Skill      XL: |  1  2  3  4  5  6  7  8  9 10 11 12 13 14 15 16 17 18 19 20 21 22 |
---------------+-------------------------------------------------------------------+-----
Shields        | 4 5 6 7 9 10 12 13 15 16 17 18 19 20 21 22 23 | 23.6
Fighting       | 4 5 6 7 9 10 11 12 14 15 16 17 19 20 21 22 23 | 23.3
Armour         | 4 5 6 7 8 9 11 12 13 14 15 16 17 18 | 18.7
Axes           | 3 4 5 7 8 11 12 13 15 16 17 18 19 20 21 22 23 24 | 24.0
Dodging        | 1 2 3 4 5 6 8 9 10 11 | 11.0
Stealth        | 1 2 3 |  3.5
Evocations     | 1 2 3 |  3.5
Polearms       | 2 3 4 6 7 |  7.0

Action                   |  1- 3 |  4- 6 |  7- 9 | 10-12 | 13-15 | 16-18 | 19-21 | 22-24 || total
-------------------------+-------+-------+-------+-------+-------+-------+-------+-------++-------
Melee: War axe           |    63 |    92 |   446 |   669 |  1692 |  2006 |  1178 |       ||  6146
       Headbutt          |     9 |    20 |   116 |   176 |   486 |   625 |   650 |   183 ||  2265
       Spear             |       |       |       |    44 |   194 |   112 |       |       ||   350
       Battleaxe         |       |       |       |     6 |       |       |       |       ||     6
       Broad axe         |       |       |       |       |       |       |  1085 |   734 ||  1819
Evoke: Wand              |       |       |     2 |     8 |    12 |    25 |     1 |       ||    48
       Lightning rod     |       |       |       |     4 |       |     4 |       |     2 ||    10
       Lamp of fire      |       |       |       |       |       |     1 |     2 |     1 ||     4
       Phial of floods   |       |       |       |       |       |       |     1 |     1 ||     2
  Use: Scroll            |       |       |     1 |    26 |    11 |    11 |     2 |     2 ||    53
       Potion            |       |       |       |     3 |     1 |    12 |     9 |     2 ||    27
 Stab: Paralysed         |       |       |       |     3 |     2 |       |       |       ||     5
       Distracted        |       |       |       |       |       |       |     1 |       ||     1
  Eat: Chunk             |       |     4 |    13 |    30 |    40 |    18 |    25 |     2 ||   132
       Fruit             |       |       |     2 |     2 |    10 |    20 |     2 |       ||    36
       Royal jelly       |       |       |       |     3 |     2 |     9 |     1 |       ||    15
       Bread ration      |       |       |       |       |       |     3 |     5 |     4 ||    12
Armor: Scale mail        |    30 |     4 |       |       |       |       |       |       ||    34
       Chain mail        |       |    42 |   146 |    26 |   146 |   356 |   648 |   337 ||  1701
       Plate armour      |       |       |       |   307 |   475 |       |       |       ||   782
       Swamp dragon scal |       |       |       |       |       |   362 |       |       ||   362
Dodge: Dodged            |    14 |    29 |    96 |   213 |   440 |   893 |   666 |   314 ||  2665
Block: Shield            |    34 |    43 |   223 |   285 |  1063 |  1265 |  1532 |   650 ||  5095
